 Dungeon Crawl Stone Soup version 0.20.0-6-gd3061e9 (webtiles) character file.

382 manyhoops the Cudgeler (level 6, -2/61 HPs)
             Began as an Ogre Hunter on May 28, 2017.
             Slain by a wyvern (9 damage)
             ... on level 4 of the Dungeon.
             The game lasted 00:08:15 (5221 turns).

manyhoops the Cudgeler (Ogre Hunter)                Turns: 5221, Time: 00:08:15

Health: -2/61      AC:  7    Str: 19    XL:     6   Next: 76%
Magic:  6/6        EV: 10    Int: 12    God:
Gold:   273        SH:  0    Dex:  9    Spells: 5/5 levels left

rFire    . . .     SeeInvis .   a - +0 flail
rCold    . . .     Gourm    .   (no shield)
rNeg     . . .     Faith    .   b - +0 robe
rPois    .         Spirit   .   (helmet restricted)
rElec    .         Reflect  .   w - +0 cloak
rCorr    .         Harm     .   (gloves unavailable)
MR       .....                  (boots unavailable)
Stlth    +.........             (no amulet)
Regen    0.2/turn               l - +3 ring of protection
MPRegen  0.1/turn               (no ring)

@: no status effects
A: unfitting armour, tough skin 1
a: no special abilities


You were on level 4 of the Dungeon.
You were not hungry.

You visited 1 branch of the dungeon, and saw 4 of its levels.

You collected 273 gold pieces.

Inventory:

Hand Weapons
 a - a +0 flail (weapon)
 h - a +0 giant club
Missiles
 d - 2 throwing nets (quivered)
Armour
 b - a +0 robe (worn)
 o - a +0 large shield
 w - a +0 cloak (worn)
Jewellery
 l - a +3 ring of protection (left hand)
Wands
 p - a wand of iceblast (7/15)
Scrolls
 n - a scroll of enchant weapon {unknown}
 q - a scroll of fog {unknown}
 t - a scroll of immolation
 u - 2 scrolls of remove curse
Potions
 i - a potion of might
 k - 2 potions of curing {unknown}
 m - a potion of agility {unknown}
 x - a potion of berserk rage {unknown}
Books
 e - a book of Misfortune

   Spells                             Type                      Level
   a - Confusing Touch                Hexes                        1
   b - Confuse                        Hexes                        3
   c - Gell's Gravitas                Translocation                3
   d - Petrify                        Transmutation/Earth          4
   e - Metabolic Englaciation         Hexes/Ice                    5
   f - Yara's Violent Unravelling     Hexes/Transmutation          5
 j - a book of Cantrips

   Spells                             Type                      Level
   a - Confusing Touch                Hexes                        1
   b - Animate Skeleton               Necromancy                   1
   c - Summon Small Mammal            Summoning                    1
   d - Apportation                    Translocation                1
Comestibles
 f - 2 bread rations
 g - 5 fruits
 r - a royal jelly
 s - 4 meat rations


   Skills:
 - Level 3.1 Fighting
 + Level 5.2 Maces & Flails
 - Level 4.9 Throwing
 - Level 1.7 Dodging
 - Level 0.6 Stealth


You had 5 spell levels left.
You didn't know any spells.

Dungeon Overview and Level Annotations

Branches:
Dungeon (4/15)
 Temple: D:4-7

Altars:


Innate Abilities, Weirdness & Mutations

You are too large for most types of armour.
You have tough skin. (AC +1)


Message History

You throw a large rock.
The large rock completely misses the wyvern.
The wyvern closely misses you. The wyvern bites you. The wyvern bites you!!
* * * LOW HITPOINT WARNING * * *
Throwing (i - inventory. (,) - cycle):
v - 2 large rocks (quivered)
Press: ? - help, Shift-Dir - straight line, f/p - wyvern
Aim: a wyvern (heavily wounded)
You throw a large rock. The large rock hits the wyvern.
The wyvern is severely wounded.
The wyvern bites you!
* * * LOW HITPOINT WARNING * * *
The wyvern misses you.
Throwing (i - inventory. (,) - cycle):
v - a large rock (quivered)
Press: ? - help, Shift-Dir - straight line, f/p - wyvern
Aim: a wyvern (severely wounded)
You throw a large rock.
The large rock hits the wyvern but does no damage.
The wyvern is severely wounded.
The wyvern bites you!
You die...

#<####..#####
#....#..#
#..#...^#
#.###...#
#..#....#
##...####
##.## #..#
##@# #l###
#.#.## #....#
#.?.....+
#....####
#.#.## #(###
...


You could see a wyvern.

Vanquished Creatures
  Crazy Yiuf (D:2)
  A worker ant (D:4)
  A worker ant zombie (D:4)
  Robin (D:3)
  15 gnolls
  7 adders
  An ooze (D:2)
  2 dart slugs
  4 leopard geckos (D:2)
  An orc (D:3)
  6 bats
  2 giant cockroaches (D:2)
  13 goblins
  18 hobgoblins
  3 jackals (D:3)
  9 kobolds
  2 quokkas
  2 frilled lizards (D:2)
  6 rats
95 creatures vanquished.

Notes
Turn   | Place    | Note
-------+----------+-------------------------------------------
     0 | D:1      | manyhoops the Ogre Hunter began the quest for the Orb.
     0 | D:1      | Reached XP level 1. HP: 22/22 MP: 1/1
   422 | D:1      | Reached XP level 2. HP: 27/29 MP: 2/2
  1085 | D:2      | Reached XP level 3. HP: 29/36 MP: 3/3
  1098 | D:2      | Reached skill level 1 in Maces & Flails
  1578 | D:2      | Found a runed door.
  2150 | D:2      | Reached XP level 4. HP: 41/45 MP: 4/4
  2320 | D:2      | Reached skill level 2 in Maces & Flails
  2800 | D:2      | Noticed Crazy Yiuf
  2832 | D:2      | Killed Crazy Yiuf
  2832 | D:2      | Reached XP level 5. HP: 34/53 MP: 5/5
  2900 | D:2      | Reached skill level 3 in Maces & Flails
  3574 | D:3      | Reached skill level 4 in Maces & Flails
  3692 | D:3      | Reached XP level 6. HP: 51/61 MP: 6/6
  3914 | D:3      | Noticed Robin
  3940 | D:3      | Killed Robin
  4671 | D:4      | Reached skill level 5 in Maces & Flails
  5204 | D:4      | Noticed a wyvern
  5221 | D:4      | Slain by a wyvern

Skill      XL: |  1  2  3  4  5  6 |
---------------+-------------------+-----
Maces & Flails | 1 2 4 5 |  5.2
Fighting       | 3 |  3.1
Throwing       | |  4.9
Dodging        | |  1.7
Stealth        | |  0.6

Action                   |  1- 3 |  4- 6 || total
-------------------------+-------+-------++-------
Melee: Club              |   143 |    50 ||   193
       Short sword       |     3 |       ||     3
       Flail             |       |   187 ||   187
       Mace              |       |    33 ||    33
Throw: Large rock        |    12 |    31 ||    43
       Throwing net      |     1 |     3 ||     4
  Use: Potion            |       |     4 ||     4
       Scroll            |       |     4 ||     4
 Stab: Sleeping          |     1 |     1 ||     2
       Held in net/web   |       |     2 ||     2
  Eat: Chunk             |     4 |    10 ||    14
Armor: Robe              |    62 |   122 ||   184
Dodge: Dodged            |   121 |   218 ||   339
